 Dungeon Sprint DCSS version 0.22-a0-254-gaf95ca0 (webtiles) character file.

2113 emperorscorpion the Grappler (level 9, -2/71 HPs)
             Began as a White Draconian Transmuter on Mar 4, 2018.
             Was a High Priest of Sif Muna.
             Slain by a merfolk
             ... wielding a +0 trident
              (18 damage)
             ... in the Dungeon (Sprint V: "Ziggurat Sprint").
             The game lasted 00:07:40 (1291 turns).

emperorscorpion the Grappler (DrTm)                 Turns: 1291, Time: 00:07:41

Health: -2/71      AC: 14    Str: 13    XL:     9   Next: 8%
Magic:  16/22      EV: 17    Int: 19    God:    Sif Muna [*****.]
Gold:   0          SH:  0    Dex: 17    Spells: 14/27 levels left

rFire    . . .     SeeInvis .     - Unarmed
rCold    + . .     Gourm    .   (no shield)
rNeg     . . .     Faith    .   (armour unavailable)
rPois    .         Spirit   .   (helmet restricted)
rElec    +         Reflect  .   I - +0 cloak of Sif Muna's Esteem {rElec Int+2 Dex+6}
rCorr    .         Harm     .   (no gloves)
MR       .....     NoTele   +   (no boots)
Stlth    ++........             (no amulet)
HPRegen  0.21/turn              (no ring)
MPRegen  0.18/turn              (no ring)

@: icy armour, studying Shields, divine energy, slow
A: breathe frost, unfitting armour, cold resistance 1, cold-blooded, AC +7
a: Breathe Frost, Stop Divine Energy, Channel Magic, Forget Spell, Renounce
Religion


You were in the Dungeon.
You worshipped Sif Muna.
Sif Muna was extremely pleased with you.
You were not hungry.

You visited 1 branch

Inventory:

Missiles
 a - 988 arrows
Armour
 H - a +3 buckler
 I - the +0 cloak of Sif Muna's Esteem (worn) {rElec Int+2 Dex+6}
   (You found it in the Dungeon)

   It affects your intelligence (+2).
   It affects your dexterity (+6).
   It insulates you from electricity.
Magical Staves
 D - an uncursed staff of energy
 M - an uncursed staff of power
 N - an uncursed staff of energy
Jewellery
 u - a +6 ring of dexterity
 v - a +6 ring of dexterity
 w - a +6 ring of intelligence
 x - a +6 ring of intelligence
 y - a +6 ring of strength
 z - a +6 ring of strength
 F - an uncursed ring of flight
 L - the amulet "Leaklot" {Harm *Drain rPois rF+++ MR- MP+9}
   (You found it in the Dungeon)

   [amulet of harm]

   It increases damage dealt and taken.
   It renders you almost immune to fire.
   It protects you from poison.
   It affects your resistance to hostile enchantments.
   It affects your magic capacity (+9).
   It causes draining when unequipped.
Wands
 A - a wand of disintegration (7)
 B - a wand of iceblast (7)
 C - a wand of acid (7)
Scrolls
 i - 4 scrolls of blinking
 l - 2 scrolls of brand weapon
 o - 4 scrolls of amnesia
 p - 7 scrolls of fog
 q - a scroll of holy word
 r - 5 scrolls of identify
 s - 5 scrolls of remove curse
 t - 2 scrolls of fear
Potions
 b - 2 potions of brilliance
 d - 10 potions of curing
 e - 13 potions of heal wounds
 f - 6 potions of haste
 g - 7 potions of magic
 h - 3 potions of berserk rage
 j - 2 potions of invisibility
 k - 4 potions of resistance
 m - 5 potions of agility
 n - 5 potions of might
Books
 K - a manual of Shields
Miscellaneous
 E - a crystal ball of energy
 G - a lightning rod (2/4)
 J - a fan of gales
Comestibles
 c - 6 rations


   Skills:
 + Level 3.9 Fighting
 + Level 1.8 Staves
 + Level 1.6 Throwing
 + Level 7.1 Dodging
 - Level 2.5 Stealth
 + Level 1.9 Shields
 + Level 10.9 Unarmed Combat
 + Level 9.7 Spellcasting
 + Level 2.2 Charms
 + Level 8.7 Transmutations
 + Level 5.7 Ice Magic
 + Level 0.5 Poison Magic
 + Level 2.0 Invocations
 + Level 3.6 Evocations


You had 14 spell levels left.
You knew the following spells:

 Your Spells              Type           Power        Failure   Level  Hunger
a - Beastly Appendage     Tmut           #####.       1%          1    None
b - Sticks to Snakes      Tmut           #####...     1%          2    None
c - Spider Form           Tmut/Pois      ####......   3%          3    None
d - Ice Form              Ice/Tmut       #####...     3%          4    ###....
e - Ozocubu's Armour      Chrm/Ice       ###.....     4%          3    None


Dungeon Overview and Level Annotations

Branches:
Dungeon (1/1)

Altars:
Ashenzari
Cheibriados
Dithmenos
Elyvilon
Fedhas
Gozag
Hepliaklqana
Kikubaaqudgha
Makhleb
Nemelex Xobeh
Okawaru
Qazlal
Ru
Sif Muna
Trog
Uskayaw
Vehumet
Wu Jian
Xom
Yredelemnul
Zin
The Shining One
Beogh
Jiyva
Lugonu

Annotations:
D 1 transporter


Innate Abilities, Weirdness & Mutations

You can breathe waves of freezing cold.
You can buffet flying creatures when you breathe cold.
Your icy white scales are hard. (AC +7)
You cannot fit into any form of body armour.
Your flesh is cold resistant. (rC+)
You are cold-blooded and may be slowed by cold attacks.


Message History

Evoke which item? (* to show all) (? for menu, Esc to quit)
Aiming: Thunderbolt
Press: ? - help, Shift-Dir - straight line, f/p - merfolk
Aim: a merfolk, wielding a trident (moderately wounded)
The thunderbolt hits the centaur.
You kill the centaur!
Sif Muna accepts your kill.
Your lightning rod (3/4) has regained one charge.
The thunderbolt hits the merfolk.
The merfolk is heavily wounded.
The thunderbolt hits the hippogriff.
The hippogriff is heavily wounded.
Your adder bites the centaur.
The centaur shoots an arrow.
The arrow hits you.
* * * LOW HITPOINT WARNING * * *
The hippogriff bites you.
* * * LOW HITPOINT WARNING * * *
The hippogriff completely misses you.
The hippogriff claws you but does no damage.
The merfolk hits you from afar with a trident!!
You die...

▓..8©8..▓
▓..|}|..▓
▓..":[..▓
▓.......▓
▓.......▓
▓...mC).▓
▓...S(m(▓
▓.▓.(c▓H▓
▓...©..@▓
▓▓▓▓▓▓▓▓▓


You could see a merfolk, a cyclops, a hippogriff, a centaur and a friendly
adder.

Vanquished Creatures
  A shining eye (D)
  An eye of devastation (D)
  A jumping spider (D)
  A slime creature (D)
  2 spriggans (D)
  A chaos spawn (D)
  3 black bears (D)
  A centaur (D)
  A scorpion (D)
  A crimson imp (D)
  A quasit (D)
  An iron imp (D)
  6 jellies (D)
  2 mummies (D)
  An ooze (D)
  A bat zombie (D)
25 creatures vanquished.

Notes
Turn   | Place    | Note
-------+----------+-------------------------------------------
     0 | D        | Found the +6 Majin-Bo {vamp, Archmagi MP+6 Int+6}
     0 | D        | Found the +7 great mace "Firestarter" {inner flame, rF++}
     0 | D        | emperorscorpion the Draconian Transmuter began the quest for the Orb.
     0 | D        | Reached XP level 1. HP: 16/16 MP: 3/3
     0 | D        | Found a deep blue altar of Sif Muna.
     0 | D        | Found a sacrificial altar of Ru.
     0 | D        | Found a bloodstained altar of Trog.
     0 | D        | Found a stormy altar of Qazlal.
     0 | D        | Found an iron altar of Okawaru.
     0 | D        | Found a sparkling altar of Nemelex Xobeh.
     0 | D        | Found a blossoming altar of Fedhas.
     2 | D        | Found a transporter.
     2 | D        | Found an ancient bone altar of Kikubaaqudgha.
     2 | D        | Found a viscous altar of Jiyva.
     2 | D        | Found a corrupted altar of Lugonu.
     2 | D        | Found a hazy altar of Hepliaklqana.
     2 | D        | Found a burning altar of Makhleb.
     2 | D        | Found an opulent altar of Gozag.
    22 | D        | Found the +9 heavy crossbow "Sniper" {velocity, Acc+∞ SInv}
    22 | D        | Found the +10 dark maul {crush}
    22 | D        | Found the +15 Maxwell's patent armour {-Cast -Tele rElec MR+ rCorr}
    22 | D        | Found the +18 shield of the Gong {rElec rN+ MR+ EV-5}
    22 | D        | Found the cursed +14 obsidian axe {chop, +Fly SInv *Curse}
    23 | D        | Found the +6 shillelagh "Devastator" {shatter}
    23 | D        | Found the +11 plutonium sword {*Contam Stlth-}
    23 | D        | Found the +8 lance "Wyrmbane" {slay drac, rPois rF+ rC+ AC+3}
    23 | D        | Found the +9 sword of Zonguldrok {reap}
    23 | D        | Found the cursed +13 scythe of Curses {drain, *Curse}
    23 | D        | Found the +0 sword of Power
    23 | D        | Found the -4 mace of Variability {chaos}
    23 | D        | Found the +7 Singing Sword
    23 | D        | Found the +7 longbow "Piercer" {penet, EV-2}
    53 | D        | Became a worshipper of Sif Muna the Loreminder
    60 | D        | Reached skill level 1 in Staves
    60 | D        | Reached skill level 1 in Throwing
    60 | D        | Reached skill level 1 in Stealth
    60 | D        | Reached skill level 1 in Shields
    60 | D        | Reached skill level 1 in Evocations
    60 | D        | Reached XP level 2. HP: 25/25 MP: 3/5
    66 | D        | Learned a level 2 spell: Sticks to Snakes
    87 | D        | Entered arena 2.
    87 | D        | Noticed a jumping spider
    87 | D        | Noticed a scorpion
    87 | D        | Found a transporter.
    90 | D        | Killed a scorpion
    90 | D        | Reached skill level 5 in Unarmed Combat
    90 | D        | Reached XP level 3. HP: 30/30 MP: 0/8
    93 | D        | Killed a jumping spider
    93 | D        | Reached * piety under Sif Muna
    93 | D        | Reached skill level 8 in Unarmed Combat
    93 | D        | Reached skill level 5 in Spellcasting
    93 | D        | Reached skill level 5 in Transmutations
    93 | D        | Reached XP level 4. HP: 4/37 MP: 1/11
    93 | D        | Reached XP level 5. HP: 5/42 MP: 1/13
   103 | D        | Learned a level 3 spell: Spider Form
   108 | D        | Learned a level 4 spell: Ice Form
   358 | D        | Entered arena 3.
   358 | D        | Found a transporter.
   375 | D        | Reached ** piety under Sif Muna
   375 | D        | Reached XP level 6. HP: 32/50 MP: 12/14
   379 | D        | Got the +0 cloak of Sif Muna's Esteem {rElec Int+2 Dex+6}
   399 | D        | Learned a level 3 spell: Ozocubu's Armour
   490 | D        | Entered arena 4.
   490 | D        | Noticed a chaos spawn
   490 | D        | Found a transporter.
   498 | D        | Killed a chaos spawn
   498 | D        | Reached skill level 9 in Unarmed Combat
   504 | D        | Reached *** piety under Sif Muna
   758 | D        | Entered arena 5.
   758 | D        | Noticed a slime creature
   758 | D        | Found a transporter.
   762 | D        | Reached skill level 1 in Ice Magic
   765 | D        | Reached skill level 5 in Dodging
   765 | D        | Your scales start taking on an icy white colour.
   765 | D        | Reached XP level 7. HP: 57/57 MP: 1/17
   765 | D        | Gained mutation: Your flesh is cold resistant. (rC+) [White Draconian growth]
   770 | D        | Killed a slime creature
   770 | D        | Reached skill level 1 in Charms
   773 | D        | Got the amulet "Leaklot" {Harm *Drain rPois rF+++ MR- MP+9}
   874 | D        | Entered arena 6.
   874 | D        | Noticed a spriggan
   874 | D        | Noticed a spriggan
   874 | D        | Found a transporter.
   890 | D        | Killed a spriggan
   890 | D        | Reached **** piety under Sif Muna
   890 | D        | Reached skill level 10 in Unarmed Combat
   896 | D        | Killed a spriggan
   897 | D        | Reached XP level 8. HP: 21/66 MP: 7/20
  1144 | D        | Entered arena 7.
  1144 | D        | Noticed a shining eye
  1144 | D        | Noticed an eye of devastation
  1145 | D        | Found a transporter.
  1149 | D        | Killed a shining eye
  1149 | D        | Reached ***** piety under Sif Muna
  1149 | D        | Identified Pitzupsy's Tome of Orientation (Sif Muna gifted it to you in the Dungeon)
  1149 | D        | Received a gift from Sif Muna
  1149 | D        | Reached skill level 5 in Ice Magic
  1151 | D        | Killed an eye of devastation
  1151 | D        | Reached XP level 9. HP: 54/71 MP: 8/22
  1278 | D        | Entered arena 8.
  1278 | D        | Noticed a cyclops
  1278 | D        | Noticed a merfolk
  1278 | D        | Noticed a merfolk
  1279 | D        | Found the amulet of Vitality {Regen+ HP+15}
  1279 | D        | Found a transporter.
  1291 | D        | Slain by a merfolk

Vault maps used:
D:        sprint_v

Skill      XL: |  1  2  3  4  5  6  7  8 |
---------------+-------------------------+-----
Fighting       | 2 3 |  3.9
Staves         | 1 |  1.8
Throwing       | 1 |  1.6
Dodging        | 2 3 4 5 7 |  7.1
Stealth        | 1 2 |  2.5
Shields        | 1 |  1.9
Invocations    | 2 |  2.0
Evocations     | 1 2 3 |  3.6
Unarmed Combat | 5 8 9 10 | 10.9
Spellcasting   | 3 5 7 8 9 |  9.7
Transmutations | 3 5 6 7 8 |  8.7
Ice Magic      | 1 3 5 |  5.7
Charms         | 1 2 |  2.2
Poison Magic   | |  0.5

Action                   |  1- 3 |  4- 6 |  7- 9 || total
-------------------------+-------+-------+-------++-------
Melee: Unarmed           |     2 |    33 |    24 ||    59
       Tailslap          |       |       |     1 ||     1
       Punch             |       |       |     1 ||     1
 Cast: Sticks to Snakes  |     2 |     4 |     9 ||    15
       Beastly Appendage |     1 |       |       ||     1
       Spider Form       |       |     1 |       ||     1
       Ozocubu's Armour  |       |     3 |     3 ||     6
       Ice Form          |       |     3 |     2 ||     5
Invok: Divine Energy     |       |     1 |       ||     1
 Abil: Breathe Frost     |       |       |     1 ||     1
Evoke: Lightning rod     |     2 |     1 |    11 ||    14
  Use: Potion            |     1 |       |     1 ||     2
  Eat: Ration            |       |       |     1 ||     1
Armor: Skin              |     1 |    19 |    27 ||    47
Dodge: Dodged            |     4 |    53 |    40 ||    97

Table legend:
 A = Spawn XP
 B = Non-spawn XP
 C = Spawn XP percentage of total XP
 D = Spawn monster count
 E = Non-spawn monster count
 F = Spawn count percentage of total count
 G = Total turns spent on level
                    A         B        C        D         E        F      G
               +---------+---------+-------+---------+---------+-------+---------
         Total |       0 |    3007 |   0.0 |       0 |      25 |   0.0 |  1291
               +---------+---------+-------+---------+---------+-------+---------
             D |       0 |    3007 |   0.0 |       0 |      25 |   0.0 |  1291
               +---------+---------+-------+---------+---------+-------+---------
